 Dungeon Crawl Stone Soup version 0.17-a0-977-g4154171 (webtiles) character file.

81984 boffreak the Severer (level 16, -3/108 HPs)
             Began as a Formicid Fighter on May 10, 2015.
             Was an Initiate of Gozag.
             Killed from afar by a fire dragon (14 damage)
             ... with a blast of flame
             ... on level 15 of the Dungeon.
             The game lasted 00:34:13 (27345 turns).

boffreak the Severer (Formicid Fighter)            Turns: 27345, Time: 00:34:14

Health: -3/108     AC: 30    Str: 30    XL:     16   Next: 19%
Magic:  17/17      EV: 16    Int:  5    God:    Gozag
Gold:   3447       SH: 18    Dex: 39    Spells: 0 memorised, 15 levels left

rFire  + . .     SeeInvis +     S - +3 executioner's axe (freeze)
rCold  + + .     Clarity  .     N - +3 plate armour "Niukaz Loh" {-Cast Str+4 Dex+9}
rNeg   . . .     SustAb   .     c - +0 shield
rPois  +         Gourm    .     (helmet unavailable)
rElec  +         Spirit   .     r - +2 cloak
rCorr  +         Warding  .     G - +0 pair of gloves of Calculation {rCorr Int-5 Dex+10}
rMut   .         Stasis   +     w - +2 pair of boots
MR     +....     NoCast   +     R - amulet of regeneration
Stlth  ..........               V - ring "Pifen" {+Blink rElec rPois rC+}
                                C - +5 ring of dexterity

@: agile, resistant, flying, very slightly contaminated, somewhat resistant to
hostile enchantments, extremely unstealthy
A: permanent stasis, dig shafts and tunnels, four strong arms, antennae 3, thin
metallic scales 1, high mp 1, no device heal 1
a: Dig, Shaft Self, Potion Petition, Call Merchant, Bribe Branch, Renounce
Religion


You were on level 15 of the Dungeon.
You worshipped Gozag.
Gozag was noncommittal.
You were near starving.

You visited 4 branches of the dungeon, and saw 27 of its levels.
You also visited: Ossuary.

You collected 9836 gold pieces.
You spent 2779 gold pieces at shops.
You paid 3610 gold pieces to Gozag.

Inventory:

Hand weapons
 h - a +1 war axe of electrocution
 m - the +5 morningstar of Gauwkenu {flame, rC+ rN++ Stlth-}
   (You bought it in a shop on level 8 of the Dungeon)

   It has been specially enchanted to burn those struck by it, causing extra
   injury to most foes and up to half again as much damage against particularly
   susceptible opponents.
   It protects you from cold.
   It greatly protects you from negative energy.
   It makes you less stealthy.
 S - a +3 executioner's axe of freezing (weapon)
Armour
 c - a +0 shield (worn)
 r - a +2 cloak (worn)
 v - a +1 pair of gloves
 w - a +2 pair of boots (worn)
 G - the +0 pair of gloves of Calculation (worn) {rCorr Int-5 Dex+10}
   (You acquired it on level 8 of the Lair of Beasts)

   It affects your intelligence (-5).
   It affects your dexterity (+10).
   It protects you from acid and corrosion.
 N - the +3 plate armour "Niukaz Loh" (worn) {-Cast Str+4 Dex+9}
   (You bought it in a shop on level 14 of the Dungeon)

   It affects your strength (+4).
   It affects your dexterity (+9).
   It prevents spellcasting.
Jewellery
 g - an uncursed ring of sustain abilities
 k - an uncursed amulet of clarity
 B - an uncursed ring of positive energy
 C - a +5 ring of dexterity (left hand)
 D - an uncursed ring of ice
 R - an amulet of regeneration (around neck)
 V - the ring "Pifen" (right hand) {+Blink rElec rPois rC+}
   (You bought it in a shop on level 15 of the Dungeon)

   [ring of poison resistance]

   It protects you from cold.
   It insulates you from electricity.
   It protects you from poison.
   It lets you blink.
Magical devices
 i - a wand of heal wounds (3)
 s - a wand of confusion (17)
 x - a wand of teleportation (3)
 F - a wand of slowing (30)
 J - a wand of cold (6)
 K - a wand of fire (2)
 O - a wand of slowing (32)
 U - a wand of flame (27)
 X - a wand of teleportation (6)
Scrolls
 a - 5 scrolls of recharging
 j - 7 scrolls of remove curse
 p - 11 scrolls of identify
 u - 7 scrolls of enchant armour
 y - a scroll of magic mapping
 z - 5 scrolls of amnesia
 H - 4 scrolls of immolation
 M - a scroll of fog
 T - 2 scrolls of fear
Potions
 b - a potion of resistance
 d - 9 potions of might
 f - 3 potions of lignification
 l - 6 potions of brilliance
 n - 3 potions of cure mutation
 o - 7 potions of curing
 t - 8 potions of agility
 A - a potion of mutation
 E - 3 potions of flight
 Q - a potion of invisibility {unknown}
Books
 L - a book of Conjurations

   Spells                             Type                      Level
   a - Magic Dart                     Conjuration                  1
   b - Searing Ray                    Conjuration                  2
   c - Dazzling Spray                 Conjuration/Hexes            3
   d - Fulminant Prism                Conjuration/Hexes            4
   e - Iskenderun's Mystic Blast      Conjuration                  4
   f - Iskenderun's Battlesphere      Conjuration/Charms           5
Comestibles
 e - 7 bread rations
 q - 11 meat rations
 I - 8 fruits
 W - a slice of pizza
 Y - a beef jerky


   Skills:
 + Level 4.6 Fighting
 * Level 18.1 Axes
 + Level 15.0 Armour
 + Level 2.2 Dodging
 + Level 15.8 Shields


You had 15 spell levels left.
You didn't know any spells.

Dungeon Overview and Level Annotations

Branches:
Dungeon (15/15)            Temple (1/1) D:5            Lair (8/8) D:9
 Shoals (0/4) Lair:3        Snake (0/4) Lair:4        Slime (0/6) Lair:6
    Orc (3/4) D:9          Vaults (0/5) D:13
    Elf: Orc:3-4     Depths: D:15

Altars:
Ashenzari
Cheibriados
Dithmenos
Elyvilon
Fedhas
Gozag
Kikubaaqudgha
Nemelex Xobeh
Okawaru
Qazlal
Ru
Sif Muna
Trog
Vehumet
Xom
Zin
The Shining One
Beogh
Jiyva

Shops:
D:8 (   D:9 *   D:10 [   D:12 !   D:13 :   D:14 [   D:15 =   Orc:2 *?*}

Annotations:
D:5 Prince Ribbit
Lair:6 1 runed door


Innate Abilities, Weirdness & Mutations

You are under a permanent stasis effect.
You can dig through walls and to a lower floor.
Your four strong arms can wield two-handed weapons with a shield.
You have a pair of large antennae on your head (SInv).
You are partially covered in thin metallic scales (AC +2).
You have an increased reservoir of magic (+10% MP).
Potions and wands are less effective at restoring your health.


Message History

Drink which item? (? for menu, Esc to quit)
You feel protected. You block the fire dragon's attack.
The fire dragon claws you but does no damage.
The fire dragon misses you. The fire dragon breathes flames at you.
The blast of flame hits the fire dragon.
The fire dragon resists.
The blast of flame hits you! You resist.
* * * LOW HITPOINT WARNING * * *
You take 5 damage, and have 22/108 hp.
There is an open door, spattered with blood here.
You hit the fire dragon but do no damage.
The fire dragon breathes flames at you.
The blast of flame hits the fire dragon.
The fire dragon resists.
The blast of flame hits you! You resist.
* * * LOW HITPOINT WARNING * * *
The fire dragon breathes flames at you. The blast of flame hits you!
You resist.
You die...
Your body crumbles into a pile of gold.

.................................
.................#####...........
.#####...........# #....###....
.# #...#####...# #....# #.... .#
#...#####...# #....# #.... .#
#...........#####....# #....
.#####....................# #....
..........................###....
................@................
.......#########D#####+######+###
.......#.....(.........#.........
.......#...............#.........
.......#..........D....#.........
.......#...............#.........
.......#.......##.....##....##...
.......#.......##.....##....##...
.......#.......##..........)##...


You could see 2 fire dragons.

Vanquished Creatures
  Gastronok (Lair:3)
  2 rakshasas (D:15)
  Harold (Lair:1)
  10 hydras
  Erica (D:8)
  2 centaur warriors
  An ogre mage (D:15)
  A queen ant (Lair:5)
  Urug (D:11)
  10 skeletal warriors
  3 hill giants
  2 orc knights
  5 ugly things (D:15)
  An orc sorcerer (Orc:3)
  3 griffons
  3 centaur zombies
  Maurice (D:8)
  A siren (Lair:3)
  12 elephants
  A torpor snail (Lair:7)
  15 black mambas
  12 spiny frogs
  6 centaur skeletons
  A gargoyle (D:14)
  2 fire drakes (Lair:7)
  4 komodo dragons
  2 spriggan druids (Lair:8)
  A kobold demonologist (D:13)
  3 merfolk (Lair:3)
  7 polar bears (Lair:8)
  7 trolls
  3 two-headed ogres
  A boulder beetle (Lair:7)
  A trapdoor spider zombie (D:11)
  A harpy skeleton (D:15)
  13 blink frogs
  10 spriggans
  A shadow (D:11)
  2 wraiths
  A wyvern (Lair:7)
  A deep elf mage (D:12)
  6 redbacks (Lair:8)
  5 basilisks
  A steam dragon (D:9)
  Grum (D:8)
  39 wolves
  29 yaks
  13 hippogriffs
  13 water moccasins
  6 soldier ants (Lair:5)
  14 porcupines
  8 ogres
  9 black bears
  2 eyes of draining
  12 ice beasts
  2 phantoms (D:8)
  11 centaurs
  3 wasps (Lair:8)
  12 orc warriors
  17 crocodiles
  A necrophage (D:11)
  Blork the orc (D:4)
  7 big kobolds
  A gnoll sergeant (D:4)
  18 giant frogs
  2 scorpions
  13 killer bees
  2 wyvern skeletons
  14 wights
  5 electric eels
  A giant frog zombie (D:9)
  9 hounds
  2 lava snakes (D:14)
  6 crimson imps
  4 giant frog skeletons
  2 jellies
  11 orc priests
  Crazy Yiuf (D:2)
  5 quasits
  28 worker ants
  20 orc wizards
  10 iguanas
  11 sheep
  9 hell rats
  A killer bee zombie (D:8)
  6 mummies (Ossuary)
  A hound skeleton (D:6)
  10 gnolls
  16 adders
  6 shadow imps
  88 river rats
  An ooze (D:5)
  2 adder zombies
  4 worms
  2 adder skeletons
  6 giant geckos
  151 orcs
  15 bats
  A bat skeleton (D:4)
  A bat zombie (D:6)
  6 giant cockroaches
  38 goblins
  38 hobgoblins
  20 jackals
  32 kobolds
  5 quokkas
  5 ball pythons
  4 giant newts
  2 goblin zombies (Ossuary)
  2 hobgoblin zombies (Ossuary)
  2 kobold zombies (Ossuary)
  2 orc zombies (Ossuary)
  A quokka skeleton (D:4)
  45 rats
  11 fungi
  6 plants
1072 creatures vanquished.

Vanquished Creatures (others)
  A goblin (D:6)
  8 fungi
  A plant (Lair:8)
10 creatures vanquished.

Grand Total: 1082 creatures vanquished

Notes
Turn   | Place    | Note
--------------------------------------------------------------
     0 | D:1      | boffreak, the Formicid Fighter, began the quest for the Orb.
     0 | D:1      | Reached XP level 1. HP: 18/18 MP: 1/1
   148 | D:1      | Reached XP level 2. HP: 22/24 MP: 2/2
   267 | D:1      | Reached skill level 4 in Shields
   398 | D:1      | Reached XP level 3. HP: 27/29 MP: 3/3
  1368 | D:2      | Reached XP level 4. HP: 30/35 MP: 4/4
  1447 | D:2      | Noticed Crazy Yiuf
  1459 | D:2      | Killed Crazy Yiuf
  1645 | D:2      | Reached XP level 5. HP: 39/41 MP: 5/5
  2483 | D:3      | Found a snail-covered altar of Cheibriados.
  2484 | D:3      | Found a shimmering altar of Xom.
  2485 | D:3      | Found a blossoming altar of Fedhas.
  2607 | D:4      | Noticed Blork the orc
  2615 | D:4      | Killed Blork the orc
  2615 | D:4      | Reached skill level 5 in Shields
  2615 | D:4      | Reached XP level 6. HP: 34/47 MP: 6/6
  2757 | D:4      | Reached skill level 5 in Axes
  2762 | D:4      | Reached XP level 7. HP: 32/52 MP: 7/7
  2794 | D:4      | Reached skill level 5 in Armour
  3304 | D:5      | Entered Level 5 of the Dungeon
  3536 | D:5      | Found a staircase to the Ecumenical Temple.
  3550 | Temple   | Entered the Ecumenical Temple
  3627 | Temple   | Became a worshipper of Gozag Ym Sagoz the Greedy
  3646 | D:5      | Noticed a centaur skeleton
  3656 | D:5      | Killed a centaur skeleton
  3656 | D:5      | Reached skill level 6 in Axes
  3656 | D:5      | Reached XP level 8. HP: 52/58 MP: 8/8
  3777 | D:5      | Noticed Prince Ribbit
  3961 | D:6      | Reached skill level 7 in Axes
  4261 | D:6      | Found a shadowy altar of Dithmenos.
  4288 | D:6      | Found a sand-covered staircase.
  4296 | Ossuary  | Entered an ossuary
  4533 | Ossuary  | Gained mutation: Potions and wands are less effective at restoring your health. [potion of mutation]
  4533 | Ossuary  | Gained mutation: You have an increased reservoir of magic (+10% MP). [potion of mutation]
  4533 | Ossuary  | Gained mutation: You are partially covered in thin metallic scales (AC +2). [potion of mutation]
  5308 | D:6      | Reached XP level 9. HP: 60/64 MP: 9/9
  5477 | D:6      | Reached skill level 8 in Axes
  6721 | D:8      | Reached skill level 9 in Axes
  6728 | D:8      | Noticed Grum
  6754 | D:8      | Killed Grum
  6754 | D:8      | Reached XP level 10. HP: 26/70 MP: 11/11
  7136 | D:8      | Found Atzoes's Antique Weapon Shoppe.
  7149 | D:8      | Bought a brightly glowing morningstar for 234 gold pieces
  7149 | D:8      | Identified the +5 morningstar of Gauwkenu {flame, rC+ rN++ Stlth-} (You bought it in a shop on level 8 of the Dungeon)
  7391 | D:8      | Reached skill level 10 in Axes
  7514 | D:8      | Noticed Maurice
  7538 | D:8      | Killed Maurice
  7692 | D:8      | Noticed Erica
  7709 | D:8      | Killed Erica
  8081 | D:8      | Reached skill level 11 in Axes
  8233 | D:9      | Found Heipoabuke's Assorted Antiques.
  8245 | D:9      | Reached skill level 10 in Shields
  8245 | D:9      | Reached XP level 11. HP: 31/75 MP: 12/12
  8471 | D:9      | Found a staircase to the Orcish Mines.
  8528 | Orc:1    | Entered Level 1 of the Orcish Mines
  9005 | Orc:2    | Found Pupp's Magic Scroll Emporium.
  9006 | Orc:2    | Found Toenluc's Gadget Shoppe.
  9023 | Orc:2    | Found Loimp's Assorted Antiques.
  9044 | Orc:2    | Found Redun's General Store.
  9095 | Orc:2    | Bought a scroll of enchant armour for 97 gold pieces
  9620 | Orc:3    | Noticed an orc sorcerer
  9640 | Orc:3    | Noticed a sun demon
  9645 | Orc:3    | Killed an orc sorcerer
  9816 | Orc:3    | Noticed an orc knight
  9834 | Orc:3    | Killed an orc knight
  9834 | Orc:3    | Reached skill level 12 in Axes
 10111 | Orc:3    | Reached skill level 10 in Armour
 10138 | Orc:3    | Found a roughly hewn altar of Beogh.
 10481 | D:9      | Found a white marble altar of Elyvilon.
 10784 | D:9      | Found a staircase to the Lair.
 11238 | D:10     | Entered Level 10 of the Dungeon
 11243 | D:10     | Found Unututil's Antique Armour Shoppe.
 11246 | D:10     | Bought an ancient scale mail for 306 gold pieces
 11262 | D:10     | Identified the cursed +1 scale mail of the Barnacle {rPois Slay+3} (You bought it in a shop on level 10 of the Dungeon)
 11951 | D:11     | Reached XP level 12. HP: 38/81 MP: 13/13
 12143 | D:11     | Noticed Urug
 12158 | D:11     | Killed Urug
 12280 | D:11     | Reached skill level 13 in Axes
 13447 | D:12     | Found Rebuur's Distillery.
 13671 | D:13     | Found Ata Rusch's Book Shoppe.
 13800 | D:13     | Noticed a centaur warrior
 13807 | D:13     | Killed a centaur warrior
 13815 | D:13     | Noticed a skeletal warrior
 13846 | D:13     | Killed a skeletal warrior
 14455 | D:13     | Reached skill level 14 in Axes
 14552 | D:13     | Found a gate to the Vaults.
 14633 | D:13     | Reached XP level 13. HP: 83/86 MP: 14/14
 14835 | D:14     | Found Sasoem Muej's Antique Armour Shop.
 14845 | D:14     | Bought a slimy plate armour for 784 gold pieces
 14856 | D:14     | Identified the +3 plate armour "Niukaz Loh" {-Cast Str+4 Dex+9} (You bought it in a shop on level 14 of the Dungeon)
 15073 | D:14     | Identified a scroll of acquirement
 15322 | D:14     | Bought a distressingly furry cloak for 266 gold pieces
 15334 | D:14     | Identified the +0 cloak "Maonim" {Int+4} (You bought it in a shop on level 14 of the Dungeon)
 15625 | Lair:1   | Entered Level 1 of the Lair of Beasts
 15775 | Lair:1   | Noticed Harold
 15798 | Lair:1   | Killed Harold
 16033 | Lair:1   | Found a bloodstained altar of Trog.
 16058 | Lair:1   | Found a frozen archway.
 16877 | Lair:2   | Reached skill level 15 in Axes
 17832 | Lair:3   | Noticed Gastronok
 17853 | Lair:3   | Killed Gastronok
 17957 | Lair:3   | Reached XP level 14. HP: 50/93 MP: 15/15
 18532 | Lair:3   | Found a staircase to the Shoals.
 19525 | Lair:4   | Reached skill level 16 in Axes
 19909 | Lair:4   | Found a staircase to the Snake Pit.
 23107 | Lair:6   | Found a runed door.
 23108 | Lair:6   | Found a viscous altar of Jiyva.
 23109 | Lair:6   | Found a staircase to the Slime Pits.
 23480 | Lair:7   | Reached XP level 15. HP: 94/98 MP: 16/16
 23874 | Lair:7   | Reached skill level 17 in Axes
 23996 | Lair:7   | Found a sparkling altar of Nemelex Xobeh.
 24052 | Lair:7   | Reached skill level 15 in Shields
 24707 | Lair:8   | Entered Level 8 of the Lair of Beasts
 26064 | Lair:8   | Got a pair of fine gloves
 26075 | Lair:8   | Identified the +0 pair of gloves of Calculation {rCorr Int-5 Dex+10} (You acquired it on level 8 of the Lair of Beasts)
 26577 | D:15     | Entered Level 15 of the Dungeon
 26577 | D:15     | Found Marogreng's Jewellery Shoppe.
 26581 | D:15     | Bought an uncursed amulet of regeneration for 420 gold pieces
 26581 | D:15     | Bought the ring "Pifen" {+Blink rElec rPois rC+} for 672 gold pieces
 26737 | D:15     | Reached skill level 1 in Dodging
 26772 | D:15     | Reached skill level 18 in Axes
 27018 | D:15     | Reached XP level 16. HP: 104/106 MP: 17/17
 27222 | D:15     | Reached skill level 15 in Armour
 27345 | D:15     | Killed from afar by a fire dragon

Vault maps used:
D:1:      dpeg_arrival_three_bigger_balls
D:2:      uniq_crazy_yiuf_cottage
D:3:      gammafunk_temple_overflow_claw
D:4:      first_bread, lightli_minifort, uniq_blork_the_orc
D:5:      minmay_temple_entry_hall, corexii_checkpoint_a, uniq_prince_ribbit1
D:6:      minmay_goblin_kobold_castle, enter_ossuary_5,
          grunt_dithmenos_smoke_and_mirrors
D:7:      the_bakery
D:8:      serial_shops, nicolae_shop_behind_doors, uniq_erica, uniq_grum,
          uniq_maurice
D:9:      erik_lair_dragon, hiddenorc2_lemuel, basic_altar
D:11:     uniq_urug
D:12:     serial_shops, shop
D:13:     hangedman_vaults_entry_quadrant_bands, serial_shops, shop,
          st_stairs_12, rats_and_rats_again
D:14:     grunt_decor_resistance, disabler_island
D:15:     grunt_enter_depths_hoard, due_unseen_surprise
Temple:   nicolae_temple_elliptical
Lair:1:   portal_ice_cave_entry_ice_beasts, basic_altar, uniq_harold
Lair:2:   kennysheep_rathole
Lair:3:   elwin_shoals_entry_stream, wad_woods_river_01, lemuel_fruit_tree,
          uniq_gastronok
Lair:4:   minmay_snake_entry_six_corridors
Lair:5:   minmay_another_anthill
Lair:6:   slime_altar_2
Lair:7:   basic_altar, minivault_11, nicolae_quartered_pool_medium,
          serial_bayou_pond_d
Lair:8:   minmay_lair_end_enchanted_forest, st_stairs_9
Orc:2:    serial_shops, nicolae_shop_crystal, shop, shop, nicolae_shop_trees,
          shop, uniq_josephine, uniq_sonja
Orc:3:    basic_altar, nicolae_orc_pool_cavern
Ossuary:  ossuary_crypta

Action                   |  1- 3 |  4- 6 |  7- 9 | 10-12 | 13-15 | 16-18 || total
-------------------------+-------+-------+-------+-------+-------+-------++-------
Melee: War axe           |   134 |   207 |   178 |   314 |  1267 |       ||  2100
       Hand axe          |       |       |   266 |   633 |       |       ||   899
       Morningstar       |       |       |       |       |    69 |       ||    69
       Executioner's axe |       |       |       |       |    39 |    74 ||   113
Invok: Call Merchant     |       |       |     1 |     3 |       |       ||     4
       Potion Petition   |       |       |       |       |       |     1 ||     1
 Abil: Dig               |       |       |     2 |     1 |     1 |       ||     4
  Use: Potion            |       |     3 |     7 |     1 |     1 |     2 ||    14
       Scroll            |       |       |    16 |     4 |    11 |       ||    31
 Stab: Distracted        |       |       |     4 |     7 |    23 |     1 ||    35
  Eat: Chunk             |     2 |     4 |     4 |       |       |       ||    10
       Beef jerky        |       |       |     2 |       |     5 |     1 ||     8
       Royal jelly       |       |       |     1 |     1 |     1 |       ||     3
       Fruit             |       |       |     1 |       |    15 |       ||    16
       Bread ration      |       |       |     1 |     5 |     2 |       ||     8
       Pizza             |       |       |     1 |     2 |     4 |       ||     7
